 Dungeon Crawl Stone Soup version 0.31-a0-1068-g5939ac1fb6 (webtiles) character file.

Game seed: 15370588031854130139

8 Maratek the Trooper (level 2, 24/24 HPs)
             Began as a Demonspawn Fighter on Nov 24, 2023.
             Quit the game on level 1 of the Dungeon.
             The game lasted 00:00:18 (236 turns).

Maratek the Trooper (Demonspawn Fighter)             Turns: 236, Time: 00:00:19

Health: 24/24      AC:  6    Str: 16    XL:     2   Next: 0%
Magic:  2/2        EV:  8    Int:  9    God:
Gold:   26         SH:  4    Dex: 12    Spells: 1/1 levels left

rFire   . . .        a - +0 long sword
rCold   . . .        c - +0 buckler
rNeg    . . .        b - +0 scale mail
rPois   .            (no helmet)
rElec   .            (no cloak)
rCorr   .            (no gloves)
SInv    .            (no boots)
Will    .....        (no amulet) Stlth
                     (no ring)
HPRegen 0.24/turn    (no ring)
MPRegen 0.08/turn

%: no passive effects
@: no status effects
A: claws 1
a: no special abilities


You were on level 1 of the Dungeon.
You visited 1 branch of the dungeon, and saw 1 of its levels.

You collected 26 gold pieces.

Inventory:

Hand Weapons
 a - a +0 long sword (weapon)
Armour
 b - a +0 scale mail (worn)
 c - a +0 buckler (worn)
Scrolls
 e - a scroll of noise {unknown}
 f - a scroll of immolation {unknown}
Potions
 d - a potion of might
 g - a potion of haste {unknown}


   Skills:
 + Level 3.1 Fighting
 + Level 2.0 Long Blades
 + Level 2.8 Armour
 + Level 2.8 Shields


You had one spell level left.
You didn't know any spells.
Your spell library was empty.

Dungeon Overview and Level Annotations

Branches:
Dungeon (1/15)

Altars:


Innate Abilities, Weirdness & Mutations

You have sharp fingernails.


Message History

You open the door.
There is an open door here.
You see here a rat corpse.
Found a stone staircase leading down.
There is a stone staircase leading down here.
There is a stone staircase leading down here.
An endoplasm comes into view.
The endoplasm quivers.
An endoplasm is nearby!
The endoplasm closely misses you.
You slash the endoplasm!
You kill the endoplasm!
No target in view!
No target in view!
No target in view!
No target in view!
No target in view!
No target in view!
No target in view!
No target in view!
No target in view!
A rat comes into view.
A rat is nearby!
A rat is nearby!
An endoplasm comes into view.
The endoplasm quivers.
The rat closely misses you.
You hit the rat.
You kill the rat!
You hit the endoplasm.
The endoplasm is severely wounded.
The endoplasm hits you but does no damage. x2
You slash the endoplasm!
You kill the endoplasm!
Your Long Blades skill increases to level 2!
You have reached level 2!
Your demonic ancestry asserts itself...
Your fingernails lengthen.
Unknown command.
Are you sure you want to abandon this character and quit the game? (Confirm with "yes".)

. #.# ####.# #.####
##.#.#. #.##.##
###.....#######.#...#
.....................
#....#.######.#...#
##....#.# #.#..##
#######...## #.#.###
#....@.#.## #......
#.####.#.# ###.###
#.#.# #.# # #.#.#
#.### #.#.# #....
#.#.# ##### #.#.# #.
... ## #


There were no monsters in sight!

Vanquished Creatures
  A ball python (D:1)
  2 bats (D:1)
  2 endoplasms (D:1)
  3 rats (D:1)
8 creatures vanquished.

Notes
Turn   | Place    | Note
-------+----------+-------------------------------------------
     0 | D:1      | Maratek the Demonspawn Fighter began the quest for the Orb.
     0 | D:1      | Reached XP level 1. HP: 18/18 MP: 1/1
   236 | D:1      | Gained mutation: You have sharp fingernails. [demonic
                  | ancestry]
   236 | D:1      | Reached XP level 2. HP: 24/24 MP: 2/2
   236 | D:1      | Quit the game

Illustrated notes

Levels and vault maps discovered:
D:1:      minmay_arrival_open_corners, layout_loops_corners,
          hellmonk_ecumenical_altar_lost_god, serial_shops, shop

Skill      XL: |  1 |
---------------+----+-----
Long Blades    | 2 |  2.0
Fighting       | |  3.1
Armour         | |  2.8
Shields        | |  2.8

Action                     || total
---------------------------++-------
  Melee: Long sword        ||    19
 Armour: Scale mail        ||    21
  Dodge: Dodged            ||    12
  Block: Buckler           ||     5

Table legend: (Time is in decaauts)
 A = Elapsed time spent in this place.
 B = Non-inter-level travel time spent in this place.
 C = Inter-level travel time spent in this place.
 D = Time resting spent in this place.
 E = Time spent auto-exploring this place.
 F = Levels seen in this place.
 G = Mean time per level.
                   A        B        C        D        E       F      G
               +--------+--------+--------+--------+--------+-----+--------+
         Total |    242 |    242 |      0 |      0 |    186 |   1 |  242.0 |
       Dungeon |    242 |    242 |      0 |      0 |    186 |   1 |  242.0 |
               +--------+--------+--------+--------+--------+-----+--------+

Top non-repeatable levels by time:
     D:1: 242 daAuts
